 Dungeon Sprint DCSS version 0.22-a0-353-g2d6336e (webtiles) character file.

12749 Hipnos the Ninja (level 11, -1/50 HPs)
             Began as a Spriggan Enchanter on Apr 15, 2018.
             Was the Champion of Dithmenos.
             Slain by a hellwing (9 damage)
             ... in the Dungeon (Sprint I: "Red Sonja").
             The game lasted 00:24:56 (2658 turns).

Hipnos the Ninja (Spriggan Enchanter)               Turns: 2658, Time: 00:24:58

Health: -1/50      AC:  7    Str:  9    XL:     11   Next: 66%
Magic:  15/28      EV: 27    Int: 16    God:    Dithmenos [******]
Gold:   1123       SH:  0    Dex: 21    Spells: 27/34 levels left

rFire    . . .     SeeInvis +   m - +3 short sword (venom)
rCold    . . .     Gourm    .   (shield restricted)
rNeg     . . .     Faith    .   t - +1 acid dragon scales
rPois    .         Spirit   .   u - +0 hat of Dietterikh {rCorr}
rElec    .         Reflect  .   (no cloak)
rCorr    +         Harm     .   (gloves unavailable)
MR       +....     NoTele   +   (boots unavailable)
Stlth    ++++++++++             p - amulet of magic regeneration
HPRegen  0.16/turn              (no ring)
MPRegen  0.46/turn              (no ring)

@: mighty, wreathed by umbra, very quick
A: very small, unfitting armour, see invisible, herbivore, speed 3, slow
metabolism 2
a: Shadow Step, Shadow Form, Renounce Religion


You were in the Dungeon.
You worshipped Dithmenos.
Dithmenos was exalted by your worship.
You were not hungry.

You visited 1 branch You collected 2254 gold pieces.
You spent 1131 gold pieces at shops.

Inventory:

Hand Weapons
 a - a +1 dagger
 m - a +3 short sword of venom (weapon)
Armour
 b - a +0 robe
 f - a +0 robe of magic resistance
 t - +1 acid dragon scales (worn)
 u - the +0 hat of Dietterikh (worn) {rCorr}
   (You bought it in a shop in the Dungeon)

   It protects you from acid and corrosion.
Jewellery
 p - an amulet of magic regeneration (around neck)
Wands
 c - a wand of polymorph (2)
Scrolls
 j - 3 scrolls of blinking
 l - a scroll of random uselessness {unknown}
 n - a scroll of enchant armour {unknown}
 o - a scroll of magic mapping {unknown}
 q - a scroll of torment
Potions
 g - 2 potions of haste
 h - 2 potions of magic
 i - a potion of berserk rage
 k - a potion of brilliance
 r - a potion of degeneration {unknown}
Comestibles
 d - 2 rations


   Skills:
 + Level 2.0 Fighting
 + Level 11.4 Short Blades
 + Level 3.0 Armour
 * Level 11.8 Dodging
 O Level 27 Stealth
 * Level 12.2 Spellcasting
 * Level 14.8 Hexes
 + Level 2.6 Ice Magic
 + Level 0.1 Invocations


You had 27 spell levels left.
You knew the following spells:

 Your Spells              Type           Power        Failure   Level  Hunger
a - Corona                Hex            ######.      1%          1    None
b - Ensorcelled Hibernat  Hex/Ice        #####.       1%          2    None
c - Confuse               Hex            ######..     1%          3    None
d - Apportation           Tloc           #.....       12%         1    None


Dungeon Overview and Level Annotations

Branches:
Dungeon (1/1)

Altars:
Cheibriados
Dithmenos
Elyvilon
Fedhas
Gozag
Hepliaklqana
Kikubaaqudgha
Makhleb
Nemelex Xobeh
Okawaru
Qazlal
Ru
Sif Muna
Trog
Uskayaw
Vehumet
Wu Jian
Xom
Yredelemnul
Zin
The Shining One
Jiyva
Lugonu

Shops:
D }![[:=[%}[}*=*%[?


Innate Abilities, Weirdness & Mutations

You are very small and have problems with some larger weapons.
You are too small for most types of armour.
You have supernaturally acute eyesight. (SInv)
You are a herbivore.
You cover ground extremely quickly.
You need to consume almost no food.


Message History

The merfolk siren looks as sick as possible!
The merfolk siren is almost dead.
The merfolk siren chants its luring song.
It was a potion of might.
You feel very mighty all of a sudden. The hellwing misses you.
The hellwing completely misses you.
The merfolk siren chants its luring song.
You hit the merfolk siren.
You break out of your daze!
You kill the merfolk siren!
Dithmenos accepts your kill. The hellwing hits you.
* * * LOW HITPOINT WARNING * * *
The hellwing completely misses you.
The ynoxinul gestures.
You puncture the ufetubus!
You kill the ufetubus!
The ufetubus completely misses you. x2
The hellwing hits you!
You die...

##################
§§.†§§§§§§.§§.#^.+
§####†§§§.##§§'^^#
§#.###§§§#######'#
.#'#$###+# #..#
##^.$#y# #§§##
.#..$### #§§§###
§'..$$$# #4@§§}#
.#^....# #§)≈§##
s###''## #35≈##
###..## #55≈#
####..### ≈55##
#..#..#§### M≈..#
#......§..# ##..#
#....§....# +..#
'§..§§.#### ##'#


You could see a mummy priest, a hellwing, a ynoxinul and 4 ufetubi.

Vanquished Creatures
  A deep elf annihilator (D)
  A lorocyproca (D)
  A hydra (D)
  2 centaur warriors (D)
  Sonja (D)
  2 unseen horrors (D)
  A deep troll (D)
  A lindwurm (D)
  An oklob plant (D)
  2 merfolk sirens (D)
  A gargoyle (D)
  2 kobold demonologists (D)
  A demonic crawler (D)
  3 hornets (D)
  A slime creature (D)
  Sigmund (D)
  2 redbacks (D)
  A yak (D)
  13 hogs (D)
  4 floating eyes (D)
  7 necrophages (D)
  An ogre (D)
  8 jellies (D)
  Ijyb (D)
59 creatures vanquished.

Vanquished Creatures (others)
  A demonic crawler (D)
1 creature vanquished.

Grand Total: 60 creatures vanquished

Notes
Turn   | Place    | Note
-------+----------+-------------------------------------------
     0 | D        | Hipnos the Spriggan Enchanter began the quest for the Orb.
     0 | D        | Reached XP level 1. HP: 9/9 MP: 5/5
     2 | D        | Noticed Ijyb
    29 | D        | Killed Ijyb
    29 | D        | Reached skill level 7 in Stealth
    29 | D        | Reached skill level 5 in Hexes
    29 | D        | Reached XP level 2. HP: 13/13 MP: 7/7
   207 | D        | Learned a level 2 spell: Ensorcelled Hibernation
   210 | D        | Noticed an ogre
   213 | D        | Killed an ogre
   213 | D        | Reached skill level 10 in Stealth
   213 | D        | Reached XP level 3. HP: 16/16 MP: 7/9
   213 | D        | Reached XP level 4. HP: 21/21 MP: 8/11
   215 | D        | Noticed Sigmund
   218 | D        | Killed Sigmund
   218 | D        | Reached skill level 5 in Short Blades
   218 | D        | Reached skill level 5 in Dodging
   218 | D        | Reached skill level 12 in Stealth
   218 | D        | Reached skill level 5 in Spellcasting
   218 | D        | Reached XP level 5. HP: 24/24 MP: 8/13
   218 | D        | Reached XP level 6. HP: 28/28 MP: 8/14
   244 | D        | Found a burning altar of Makhleb.
   244 | D        | Found a viscous altar of Jiyva.
   244 | D        | Found a shimmering altar of Xom.
   244 | D        | Found a corrupted altar of Lugonu.
   244 | D        | Noticed a slime creature
   247 | D        | Killed a slime creature
   247 | D        | Reached skill level 14 in Stealth
   257 | D        | Learned a level 3 spell: Confuse
   257 | D        | Found an ornate altar of the Wu Jian Council.
   257 | D        | Found a deep blue altar of Sif Muna.
   259 | D        | Found a radiant altar of Vehumet.
   314 | D        | Noticed a kobold demonologist
   314 | D        | Noticed a floating eye
   315 | D        | Noticed a kobold demonologist
   317 | D        | Killed a floating eye
   317 | D        | Reached skill level 15 in Stealth
   317 | D        | Reached XP level 7. HP: 32/32 MP: 15/17
   318 | D        | Killed a kobold demonologist
   318 | D        | Reached skill level 16 in Stealth
   318 | D        | Reached skill level 10 in Hexes
   320 | D        | Killed a kobold demonologist
   320 | D        | Reached skill level 17 in Stealth
   320 | D        | Reached XP level 8. HP: 36/36 MP: 15/19
   326 | D        | Noticed a demonic crawler
   326 | D        | Noticed a demonic crawler
   326 | D        | Noticed a demonic crawler
   326 | D        | Noticed a demonic crawler
   328 | D        | Killed a demonic crawler
   328 | D        | Reached skill level 18 in Stealth
   347 | D        | Found Xeroi's Distillery.
   347 | D        | Found an ancient bone altar of Kikubaaqudgha.
   347 | D        | Found a hazy altar of Hepliaklqana.
   347 | D        | Found a stormy altar of Qazlal.
   347 | D        | Found a hide-covered altar of Uskayaw.
   347 | D        | Found a blossoming altar of Fedhas.
   347 | D        | Found a bloodstained altar of Trog.
   347 | D        | Found an iron altar of Okawaru.
   347 | D        | Found a basalt altar of Yredelemnul.
   347 | D        | Found a glowing golden altar of the Shining One.
   347 | D        | Found a snail-covered altar of Cheibriados.
   347 | D        | Found a sacrificial altar of Ru.
   347 | D        | Found a glowing silver altar of Zin.
   347 | D        | Found a shadowy altar of Dithmenos.
   347 | D        | Found a white marble altar of Elyvilon.
   348 | D        | Found an opulent altar of Gozag.
   350 | D        | Found a sparkling altar of Nemelex Xobeh.
   372 | D        | Became a worshipper of Dithmenos the Shadowed
   398 | D        | Noticed Sonja
   402 | D        | Killed Sonja
   402 | D        | Reached skill level 20 in Stealth
   402 | D        | Reached XP level 9. HP: 31/39 MP: 19/21
   423 | D        | Noticed a deep troll
   427 | D        | Killed a deep troll
   427 | D        | Reached skill level 21 in Stealth
   443 | D        | Found Giwilan's Armour Emporium.
   465 | D        | Found Xinaar's Gadget Boutique.
   474 | D        | Noticed a shining eye
   474 | D        | Noticed a shining eye
   474 | D        | Noticed a shining eye
   475 | D        | Noticed a shining eye
   475 | D        | Noticed a shining eye
   475 | D        | Noticed a shining eye
   476 | D        | Reached * piety under Dithmenos
   476 | D        | Paralysed by a floating eye for 4 turns
   509 | D        | Noticed a centaur warrior
   509 | D        | Noticed a centaur warrior
   512 | D        | Killed a centaur warrior
   512 | D        | Reached skill level 22 in Stealth
   514 | D        | Killed a centaur warrior
   514 | D        | Reached skill level 10 in Short Blades
   514 | D        | Reached skill level 23 in Stealth
   514 | D        | Reached XP level 10. HP: 44/44 MP: 23/23
   523 | D        | Reached ** piety under Dithmenos
   536 | D        | Noticed an oklob plant
   538 | D        | Killed an oklob plant
   538 | D        | Reached skill level 24 in Stealth
   829 | D        | Reached *** piety under Dithmenos
   837 | D        | Noticed an unseen horror
   837 | D        | Noticed an unseen horror
   872 | D        | Reached **** piety under Dithmenos
   884 | D        | Found Wecorelu's Armour Shoppe.
   886 | D        | Killed an unseen horror
   886 | D        | Reached skill level 25 in Stealth
   888 | D        | Killed an unseen horror
   888 | D        | Reached skill level 1 in Fighting
   892 | D        | Reached ***** piety under Dithmenos
   900 | D        | Found Weblaota's Book Boutique.
   901 | D        | Found Uqeoklat's Antique Armour Shop.
   988 | D        | Found Voublenee's General Store.
   989 | D        | Found Ahuchoet's Food Emporium.
   990 | D        | Found Moalleug's Magic Scroll Emporium.
   996 | D        | Reached skill level 26 in Stealth
  1026 | D        | Found Usomale's Jewellery Emporium.
  1026 | D        | Found Efosenwu's Antique Armour Shop.
  1026 | D        | Found Waptesol's Food Shoppe.
  1026 | D        | Found Voqoduen's Gadget Boutique.
  1026 | D        | Found Guwnetei's Armour Emporium.
  1026 | D        | Found Nanoh's Gadget Shop.
  1026 | D        | Found Roezekos's Assorted Antiques.
  1030 | D        | Found Wiagg's Jewellery Boutique.
  1040 | D        | Bought a scroll of identify for 26 gold pieces
  1040 | D        | Bought a potion of heal wounds for 65 gold pieces
  1041 | D        | Bought a scroll of blinking for 90 gold pieces
  1041 | D        | Bought a scroll of enchant weapon for 90 gold pieces
  1041 | D        | Bought a scroll of identify for 24 gold pieces
  1048 | D        | Bought +1 acid dragon scales for 611 gold pieces
  1061 | D        | Bought a distressingly furry hat for 225 gold pieces
  1066 | D        | Identified the +0 hat of Dietterikh {rCorr} (You bought it in a shop in the Dungeon)
  1329 | D        | Learned a level 1 spell: Apportation
  1824 | D        | Noticed a gargoyle
  1826 | D        | Killed a gargoyle
  1841 | D        | Noticed a lorocyproca
  1846 | D        | Killed a lorocyproca
  1846 | D        | Reached skill level 1 in Armour
  1846 | D        | Reached XP level 11. HP: 37/49 MP: 25/25
  2313 | D        | Noticed a lindwurm
  2496 | D        | Killed a lindwurm
  2496 | D        | Reached skill level 10 in Dodging
  2504 | D        | Reached ****** piety under Dithmenos
  2504 | D        | Reached skill level 10 in Spellcasting
  2508 | D        | Reached skill level 1 in Ice Magic
  2584 | D        | Noticed a 12-headed hydra
  2586 | D        | Killed a 12-headed hydra
  2597 | D        | Noticed a deep elf annihilator
  2606 | D        | Paralysed by a hornet for 1 turns
  2615 | D        | Noticed a mummy priest
  2641 | D        | Killed a deep elf annihilator
  2641 | D        | Reached skill level 27 in Stealth
  2658 | D        | Slain by a hellwing

Vault maps used:
D:        dungeon_sprint_1

Skill      XL: |  1  2  3  4  5  6  7  8  9 10 11 |
---------------+----------------------------------+-----
Short Blades   | 2 4 5 7 8 9 10 11 | 11.4
Stealth        | 7 10 12 15 17 20 23 26 27 | 27.0
Spellcasting   | 3 4 5 6 7 8 9 12 | 12.2
Hexes          | 5 6 8 9 10 11 12 13 14 | 14.8
Dodging        | 4 5 6 7 8 9 11 | 11.8
Fighting       | 1 2 |  2.0
Armour         | 1 3 |  3.0
Ice Magic      | 2 |  2.6
Invocations    | |  0.1

Action                   |  1- 3 |  4- 6 |  7- 9 | 10-12 || total
-------------------------+-------+-------+-------+-------++-------
Melee: Dagger            |     9 |     4 |     5 |       ||    18
       Unarmed           |     8 |       |       |       ||     8
       Short sword       |       |       |     4 |    99 ||   103
 Cast: Confuse           |       |       |       |    18 ||    18
       Ensorcelled Hiber |       |       |       |    25 ||    25
Invok: Shadow Step       |       |       |       |     1 ||     1
  Use: Scroll            |       |       |       |     4 ||     4
       Potion            |       |       |       |     5 ||     5
 Stab: Sleeping          |     2 |     4 |     9 |    34 ||    49
       Confused          |       |       |       |     4 ||     4
       Distracted        |       |       |       |     3 ||     3
Armor: Acid dragon scale |       |       |       |     8 ||     8
Dodge: Dodged            |     7 |       |     2 |   121 ||   130

Table legend:
 A = Spawn XP
 B = Non-spawn XP
 C = Spawn XP percentage of total XP
 D = Spawn monster count
 E = Non-spawn monster count
 F = Spawn count percentage of total count
 G = Total turns spent on level
                    A         B        C        D         E        F      G
               +---------+---------+-------+---------+---------+-------+---------
         Total |       0 |   18214 |   0.0 |       0 |      59 |   0.0 |  2658
               +---------+---------+-------+---------+---------+-------+---------
             D |       0 |   18214 |   0.0 |       0 |      59 |   0.0 |  2658
               +---------+---------+-------+---------+---------+-------+---------
